 Dungeon Crawl Stone Soup version 0.20.1-1-g8b1a95d (webtiles) character file.

5213 n0claF the Thaumaturge (level 10, -26/52 HPs)
             Began as a Deep Elf Summoner on Oct 27, 2017.
             Was an Initiate of Ru.
             Annihilated by a death knight
             ... wielding a +0 battleaxe
              (34 damage)
             ... on level 12 of the Dungeon.
             The game lasted 01:07:15 (9451 turns).

n0claF the Thaumaturge (Deep Elf Summoner)          Turns: 9451, Time: 01:07:15

Health: -26/52     AC:  7    Str:  5    XL:     10   Next: 35%
Magic:  7/28       EV: 12    Int: 24    God:    Ru [......]
Gold:   633        SH:  3    Dex: 15    Spells: 15/33 levels left

rFire    . . .     SeeInvis +   P - +0 trident (protect)
rCold    + . .     Gourm    .   a - +0 buckler
rNeg     . . .     Faith    .   S - +1 troll leather armour
rPois    .         Spirit   .   (no helmet)
rElec    .         Reflect  .   (no cloak)
rCorr    .         Harm     .   t - +0 pair of gloves
MR       +....                  x - +0 pair of boots
Stlth    ..........             u - amulet of magic regeneration
Regen    0.6/turn               j - ring of protection from cold
MPRegen  0.4/turn               C - ring of see invisible

@: no status effects
A: no stealth
a: Renounce Religion


You were on level 12 of the Dungeon.
You worshipped Ru.
Ru was noncommittal.
You were very hungry.

You visited 1 branch of the dungeon, and saw 11 of its levels.

You collected 633 gold pieces.

Inventory:

Hand Weapons
 s - a +3 halberd of venom
 P - a +0 trident of protection (weapon)
Missiles
 E - 116 arrows
Armour
 a - a +0 buckler (worn)
 t - a +0 pair of gloves (worn)
 x - a +0 pair of boots (worn)
 S - a +1 troll leather armour (worn)
Jewellery
 j - a ring of protection from cold (left hand)
 u - an amulet of magic regeneration (around neck)
 C - a ring of see invisible (right hand)
 I - an uncursed amulet of regeneration
Wands
 g - a wand of clouds (6/9)
 n - a wand of acid (9/15)
 A - a wand of lightning (0/15)
 K - a wand of lightning (10/15)
 L - a wand of lightning (10/15)
 N - a wand of iceblast (9/15)
Scrolls
 d - 5 scrolls of enchant weapon
 h - a scroll of remove curse
 k - 2 scrolls of magic mapping
 o - 4 scrolls of enchant armour
 p - a scroll of recharging
 r - 9 scrolls of identify {unknown}
 y - 2 scrolls of noise {unknown}
 z - 3 scrolls of blinking {unknown}
 D - a scroll of amnesia {unknown}
 M - 2 scrolls of fear {unknown}
 O - a scroll of immolation {unknown}
Potions
 e - 5 potions of flight {unknown}
 i - 7 potions of lignification {unknown}
 m - 6 potions of curing {unknown}
 q - 3 potions of heal wounds {unknown}
 v - 4 potions of mutation {unknown}
 w - 2 potions of might {unknown}
 B - a potion of magic {unknown}
 G - a potion of haste {unknown}
 J - a potion of degeneration {unknown}
 Q - 3 potions of brilliance {unknown}
Books
 b - a book of Callings

   Spells                             Type                      Level
   a - Summon Small Mammal            Summoning                    1
   b - Call Imp                       Summoning                    2
   c - Call Canine Familiar           Summoning                    3
   d - Summon Guardian Golem          Hexes/Summoning              3
   e - Summon Lightning Spire         Summoning/Air                4
   f - Summon Ice Beast               Ice/Summoning                4
 F - Ogamaah's Collected Works on the Entourage and the Compass
   (You found it on level 6 of the Dungeon)

   Spells                             Type                      Level
   a - Summon Butterflies             Summoning                    1
   b - Summon Lightning Spire         Summoning/Air                4
   c - Aura of Abjuration             Summoning                    5
   d - Controlled Blink               Translocation                8
 R - a book of Changes

   Spells                             Type                      Level
   a - Beastly Appendage              Transmutation                1
   b - Sticks to Snakes               Transmutation                2
   c - Spider Form                    Transmutation/Poison         3
   d - Ice Form                       Ice/Transmutation            4
   e - Blade Hands                    Transmutation                5
Comestibles
 c - 13 bread rations
 f - 11 meat rations
 H - 2 fruits
 T - a royal jelly


   Skills:
 + Level 1.5 Fighting
 + Level 2.6 Polearms
   Level 0.8 Slings
   Level 0.2 Bows
 + Level 1.0 Armour
 + Level 4.0 Dodging
 + Level 12.1 Spellcasting
 + Level 10.6 Summonings
 + Level 5.8 Ice Magic
 + Level 0.4 Evocations


You had 15 spell levels left.
You knew the following spells:

 Your Spells              Type           Power        Failure   Level  Hunger
a - Summon Small Mammal   Summ           ####         1%          1    None
b - Call Imp              Summ           ######..     1%          2    None
c - Call Canine Familiar  Summ           ######..     1%          3    None
d - Summon Ice Beast      Ice/Summ       ######..     4%          4    None
e - Controlled Blink      Tloc           N/A          100%        8    #######


Dungeon Overview and Level Annotations

Branches:
Dungeon (10/15)            Temple (0/1) D:6
   Lair: D:8-11         Orc: D:9-12

Altars:
Cheibriados
Dithmenos
Hepliaklqana
Makhleb
Okawaru
Qazlal
Ru
Xom
Yredelemnul
The Shining One


Innate Abilities, Weirdness & Mutations

You cannot be stealthy.


Message History

Evoking this partially-identified wand wasted a few charges.
Evoke which item? (* to show all) (? for menu, Esc to quit)
Aiming: Lightning Bolt (will waste charges)
Press: ? - help, Shift-Dir - straight line, f/p - death knight
Aim: a death knight, wielding a battleaxe and wearing a chain mail (severely wounded)
You hear a mighty clap of thunder!
The bolt of lightning hits the death knight.
The death knight is severely wounded.
The bolt of lightning hits the freezing wraith.
You destroy the freezing wraith!
Your Spellcasting skill increases to level 12!
The bolt of lightning hits the skeletal warrior.
The skeletal warrior is moderately damaged.
The bolt of lightning hits the freezing wraith.
You destroy the freezing wraith!
Your Dodging skill increases to level 4!
Evoking this partially-identified wand wasted a few charges.
The death knight hits you with a battleaxe!!
Ouch! That really hurt!
You die...

**,,,#...######
,,,,,#...#...#
,,,,,#...#.#.#
,,**,#...#.#.###
,,,,,#.....#...#
,,,,,#...#####.#
*,**,#.....#(..#
#.**,#........#############
#.,,,#..........@p.z......#
..############.##########W#
.....### #.# #.#
.......#### #.# #W#
..........# #.# #z#
..S..#...#* #.# #W#
*,#.....<# #.# #.#
#####...## #.# #.#
#Wz...###################.#


You could see a death knight and a skeletal warrior.

Vanquished Creatures
  2 freezing wraiths (D:12)
  A yak (D:6)
  A bullfrog (D:6)
  A water moccasin skeleton (D:9)
  A killer bee (D:9)
  2 wights (D:6)
  3 worker ants
  3 orcs
  2 giant cockroaches
  2 quokkas
  A quokka skeleton (D:5)
  A rat (D:2)
20 creatures vanquished.

Vanquished Creatures (collateral kills)
  2 two-headed ogres
  A phantasmal warrior (D:12)
  A deep elf mage (D:12)
  Psyche (D:8)
  The ghost of Smithy the Skirmisher, an amateur NaBe of Trog (D:4)
  2 trolls
  A hornet (D:12)
  3 hippogriffs
  A spriggan (D:9)
  3 yaks (D:6)
  A water moccasin (D:6)
  An ice beast (D:12)
  3 sky beasts
  3 orc warriors
  A black bear (D:10)
  2 phantoms
  2 necrophages
  5 ogres
  3 centaurs
  3 bullfrogs
  3 scorpions
  4 killer bees (D:9)
  2 wights (D:6)
  12 crimson imps
  The ghost of n0claF the Caller, a weakling DESu of Ru (D:3)
  3 jellies
  3 quasits
  A bullfrog zombie (D:7)
  2 centaur skeletons
  3 hounds
  4 orc priests
  A bullfrog skeleton (D:4)
  3 iguanas
  3 orc wizards
  5 worker ants
  2 hound skeletons (D:10)
  A worker ant zombie (D:6)
  8 gnolls
  7 adders
  4 shadow imps
  An adder skeleton (D:6)
  2 dart slugs
  26 orcs
  5 bats
  5 giant cockroaches
  2 goblins (D:3)
  9 hobgoblins
  11 jackals
  4 kobolds
  2 quokkas
  A ball python (D:2)
  2 frilled lizards
  A leopard gecko skeleton (D:4)
  6 rats
189 creatures vanquished.

Grand Total: 209 creatures vanquished

Notes
Turn   | Place    | Note
-------+----------+-------------------------------------------
     0 | D:1      | n0claF the Deep Elf Summoner began the quest for the Orb.
     0 | D:1      | Reached XP level 1. HP: 10/10 MP: 6/6
   729 | D:2      | Reached XP level 2. HP: 15/15 MP: 5/8
   736 | D:2      | Learned a level 2 spell: Call Imp
   967 | D:2      | Found a basalt altar of Yredelemnul.
   968 | D:2      | Found a stormy altar of Qazlal.
  1822 | D:3      | Reached skill level 5 in Summonings
  1822 | D:3      | Reached XP level 3. HP: 19/19 MP: 1/10
  2016 | D:3      | Learned a level 3 spell: Call Canine Familiar
  2101 | D:3      | Reached skill level 4 in Spellcasting
  2105 | D:3      | Noticed n0claF's ghost (weakling DESu)
  2115 | D:3      | Killed n0claF's ghost
  2243 | D:3      | Reached XP level 4. HP: 24/24 MP: 0/12
  3270 | D:4      | Reached skill level 5 in Spellcasting
  3407 | D:4      | Noticed a phantom
  3509 | D:4      | Reached XP level 5. HP: 24/28 MP: 4/14
  3581 | D:4      | Learned a level 4 spell: Summon Ice Beast
  3721 | D:4      | Noticed an ogre
  3730 | D:4      | Killed an ogre
  3739 | D:4      | Found an iron altar of Okawaru.
  3925 | D:4      | Found a hazy altar of Hepliaklqana.
  3926 | D:4      | Noticed Smithy's ghost (amateur NaBe)
  3941 | D:4      | Killed Smithy's ghost
  3941 | D:4      | Reached skill level 6 in Spellcasting
  3941 | D:4      | Reached skill level 1 in Ice Magic
  3941 | D:4      | Reached XP level 6. HP: 32/32 MP: 3/17
  4043 | D:5      | Entered Level 5 of the Dungeon
  4580 | D:5      | Found a snail-covered altar of Cheibriados.
  4616 | D:5      | Reached XP level 7. HP: 31/36 MP: 18/18
  4920 | D:6      | Found a shimmering altar of Xom.
  5033 | D:6      | Reached skill level 7 in Spellcasting
  5266 | D:6      | Found a shadowy altar of Dithmenos.
  5270 | D:6      | Noticed a yak
  5270 | D:6      | Noticed a yak
  5270 | D:6      | Noticed a yak
  5275 | D:6      | Noticed a yak
  5279 | D:6      | Killed a yak
  5288 | D:6      | Killed a yak
  5291 | D:6      | Killed a yak
  5295 | D:6      | Killed a yak
  5295 | D:6      | Reached skill level 8 in Spellcasting
  5295 | D:6      | Reached XP level 8. HP: 29/41 MP: 12/22
  5656 | D:6      | Reached skill level 1 in Polearms
  6104 | D:6      | Reached skill level 9 in Spellcasting
  6114 | D:6      | Identified Ogamaah's Collected Works on the Entourage and the Compass
  6363 | D:6      | Found a staircase to the Ecumenical Temple.
  6569 | D:7      | Found a glowing golden altar of the Shining One.
  6826 | D:7      | Found a burning altar of Makhleb.
  6969 | D:7      | Learned a level 8 spell: Controlled Blink
  7234 | D:8      | Found a sacrificial altar of Ru.
  7237 | D:8      | Noticed Psyche
  7243 | D:8      | Killed Psyche
  7243 | D:8      | Reached XP level 9. HP: 43/46 MP: 10/24
  7272 | D:8      | Became a worshipper of Ru the Awakened
  7491 | D:8      | Reached skill level 10 in Spellcasting
  7799 | D:9      | Noticed a two-headed ogre
  7809 | D:9      | Killed a two-headed ogre
  7868 | D:9      | Reached skill level 1 in Fighting
  8485 | D:10     | Entered Level 10 of the Dungeon
  8492 | D:10     | Reached skill level 10 in Summonings
  8589 | D:10     | Reached skill level 11 in Spellcasting
  8589 | D:10     | Reached skill level 5 in Ice Magic
  8652 | D:10     | Noticed a troll
  8659 | D:10     | Killed a troll
  8796 | D:10     | You fall through a shaft for 2 floors!
  8816 | D:12     | Noticed a troll
  8830 | D:12     | Killed a troll
  8904 | D:12     | Noticed a two-headed ogre
  8911 | D:12     | Killed a two-headed ogre
  8911 | D:12     | Reached XP level 10. HP: 52/52 MP: 21/27
  8995 | D:12     | Gained mutation: You cannot be stealthy. [Ru sacrifice]
  9082 | D:12     | Noticed a deep elf mage
  9096 | D:12     | Killed a deep elf mage
  9096 | D:12     | Reached skill level 1 in Armour
  9217 | D:12     | Noticed a phantasmal warrior
  9257 | D:12     | Killed a phantasmal warrior
  9339 | D:12     | Noticed a skeletal warrior
  9367 | D:12     | Noticed a death knight
  9451 | D:12     | Reached skill level 12 in Spellcasting
  9451 | D:12     | Annihilated by a death knight

Skill      XL: |  1  2  3  4  5  6  7  8  9 10 |
---------------+-------------------------------+-----
Summonings     | 5 6 7 9 10 | 10.6
Spellcasting   | 4 5 6 8 9 11 12 | 12.1
Stealth        | 3 4 0 |  0.0
Ice Magic      | 1 2 3 5 |  5.8
Dodging        | 3 4 |  4.0
Polearms       | 1 2 |  2.6
Fighting       | 1 |  1.5
Armour         | 1 |  1.0
Slings         | |  0.8
Bows           | |  0.2
Evocations     | |  0.4

Action                   |  1- 3 |  4- 6 |  7- 9 | 10-12 || total
-------------------------+-------+-------+-------+-------++-------
Melee: Unarmed           |    13 |       |       |       ||    13
       Halberd           |       |     5 |   100 |       ||   105
       Trident           |       |       |    19 |    22 ||    41
 Fire: Hunting sling     |     1 |     6 |       |       ||     7
       Shortbow          |       |     3 |       |       ||     3
 Cast: Summon Small Mamm |    29 |     2 |     1 |       ||    32
       Call Imp          |    22 |    16 |     6 |     3 ||    47
       Call Canine Famil |     5 |    30 |    44 |     7 ||    86
       Summon Ice Beast  |       |    13 |    75 |    22 ||   110
Invok: Sacrifice Stealth |       |       |       |     1 ||     1
Evoke: Wand              |       |       |       |     7 ||     7
  Use: Scroll            |       |     4 |     5 |     4 ||    13
 Stab: Distracted        |       |       |     4 |       ||     4
  Eat: Chunk             |     5 |    12 |     9 |     1 ||    27
       Royal jelly       |       |       |     3 |       ||     3
Armor: Robe              |    13 |    18 |     6 |       ||    37
       Troll leather arm |       |       |     4 |     6 ||    10
Dodge: Dodged            |    62 |    44 |    60 |     9 ||   175
Block: Buckler           |       |       |       |     1 ||     1
